 Dungeon Crawl Stone Soup version 0.19.0-22-gd96e5fe (webtiles) character file.

1967 RKaid the Cleaver (level 9, 0/70 HPs)
             Began as a Minotaur Berserker on Nov 19, 2016.
             Was a Priest of Trog.
             Slain by a phantom (8 damage)
             ... on level 9 of the Dungeon.
             The game lasted 00:07:57 (6525 turns).

RKaid the Cleaver (Minotaur Berserker)              Turns: 6525, Time: 00:07:58

Health: 0/70       AC:  9    Str: 25    XL:     9   Next: 0%
Magic:  8/8        EV: 12    Int:  4    God:    Trog [***...]
Gold:   349        SH:  0    Dex: 10    Spells: 0 memorised, 8 levels left

rFire  . . .     SeeInvis +     a - +0 hand axe
rCold  + + +     Gourm    .     B - +4 skin of Zhor {rC+++}
rNeg   . . .     Faith    .     (no shield)
rPois  .         Spirit   .     (helmet restricted)
rElec  .         Reflect  .     k - +0 cloak
rCorr  .         Harm     .     (no gloves)
MR     +++..                    (no boots)
Stlth  +.........               (no amulet)
                                n - +2 ring of protection
                                l - ring of see invisible {sInv, !d}

@: lethally poisoned (0 -> 0), exhausted, very slightly contaminated,
regenerating, slowed, very slow
A: retaliatory headbutt, horns 2, magic resistance 1
a: Berserk, Trog's Hand, Burn Spellbooks, Renounce Religion


You were on level 9 of the Dungeon.
You worshipped Trog.
Trog was most pleased with you.
You were near starving.

You visited 1 branch of the dungeon, and saw 7 of its levels.

You collected 349 gold pieces.

Inventory:

Hand Weapons
 a - a +0 hand axe (weapon)
 p - a +0 mace of holy wrath
   (You found it on level 2 of the Dungeon)
Missiles
 E - 5 javelins (quivered)
Armour
 k - a +0 cloak (worn)
   (You took it off Crazy Yiuf on level 2 of the Dungeon)
 B - the +4 skin of Zhor (worn) {rC+++}
   (You found it on level 5 of the Dungeon)

   It renders you almost immune to cold.
Jewellery
 h - an uncursed ring of stealth {Stlth+}
   (You found it on level 1 of the Dungeon)
 l - a ring of see invisible (left hand) {sInv, !d}
   (You found it on level 3 of the Dungeon)
 n - a +2 ring of protection (right hand)
   (You found it on level 2 of the Dungeon)
 x - a +2 ring of dexterity
   (You found it on level 4 of the Dungeon)
Wands
 w - a wand of paralysis (12/24)
   (You found it on level 6 of the Dungeon)
 y - a wand of confusion (25/48)
   (You found it on level 4 of the Dungeon)
Scrolls
 b - a scroll of teleportation {unknown}
 d - 4 scrolls of remove curse {unknown}
 e - a scroll of enchant armour {unknown}
 g - a scroll of amnesia
 i - 11 scrolls of identify {unknown}
 o - a scroll of fear {unknown}
 q - a scroll of blinking {!r}
 s - 2 scrolls of recharging {unknown}
 D - 2 scrolls of random uselessness {unknown}
Potions
 f - 3 potions of curing {unknown}
 j - a potion of brilliance {unknown}
 m - 2 potions of ambrosia {unknown}
 t - a potion of degeneration {unknown}
 u - 2 potions of lignification {unknown}
 v - a potion of haste {unknown}
 C - a potion of might {unknown}
 F - a potion of agility {unknown}
Comestibles
 c - 5 bread rations
 r - 4 meat rations
 z - 3 fruits
 A - 4 chunks of flesh


   Skills:
 - Level 3.6 Fighting
 + Level 13.8 Axes
 - Level 2.4 Armour
 - Level 2.2 Dodging


You had 8 spell levels left.
You didn't know any spells.

Dungeon Overview and Level Annotations

Branches:
Dungeon (6/15)               Lair (0/6) D:9
 Temple: D:4-7

Altars:
Ashenzari
Cheibriados
Elyvilon
Gozag
Qazlal
Ru
Sif Muna
Yredelemnul
Zin


Innate Abilities, Weirdness & Mutations

You reflexively headbutt those who attack you in melee.
You have a pair of horns on your head.
You are resistant to hostile enchantments. (MR+)


Message History

You feel yourself moving faster!
You feel mighty!
You are feeling very hungry.
The gnoll shouts!
The killer bee completely misses you. You furiously retaliate!
You headbutt the killer bee!!
You kill the killer bee!
Trog accepts your kill.
You slice the gnoll!!
You kill the gnoll!
Trog accepts your kill. The gnoll hits you. The gnoll barely misses you.
Things that are here:
a flail; a gnoll corpse You barely miss the gnoll.
You headbutt the gnoll. You slash the gnoll! You slash the gnoll!
You kill the gnoll!
Trog accepts your kill.
You closely miss the gnoll. You slice the gnoll!!
You feel the power of Trog in you as your rage grows.
You kill the gnoll!
Trog accepts your kill.
Things that are here:
a whip; a gnoll corpse You slash the gnoll!
You kill the gnoll!
Trog accepts your kill.
You have reached level 9!
Your experience leads to an increase in your attributes!
Your base attributes are Str 24, Int 4, Dex 10.
Increase (S)trength, (I)ntelligence, or (D)exterity?
You feel stronger.
Things that are here:
a flail; a gnoll corpse You feel a strong urge to attack something.
You feel your anger subside.
You are no longer berserk.
You are exhausted.
You feel yourself slow down. The komodo dragon bites you!!
You hit the komodo dragon but do no damage.
You headbutt the komodo dragon. You closely miss the komodo dragon.
The komodo dragon bites you.
You barely miss the komodo dragon.
You headbutt the komodo dragon, but do no damage.
The komodo dragon bites you!
You hit the komodo dragon. Your headbutt misses the komodo dragon.
The komodo dragon barely misses you.
You hit the komodo dragon. The komodo dragon bites you!
* * * LOW HITPOINT WARNING * * *
Unknown command.
The komodo dragon bites you but does no damage.
A killer bee comes into view.
Found a stone staircase leading down.
The komodo dragon bites you but does no damage.
You see here a murky green potion.
Your skin crawls.
You feel resistant to hostile enchantments.
You are near starving!
The komodo dragon bites you but does no damage. 2 killer bees come into view.
The killer bee buzzes angrily. x2
The komodo dragon bites you but does no damage.
A killer bee comes into view.
A killer bee comes into view.
The killer bee buzzes angrily.
The killer bee stings you but does no damage.
The killer bee buzzes angrily.
The killer bee stings you!
* * * LOW HITPOINT WARNING * * *
The komodo dragon barely misses you.
The komodo dragon bites you but does no damage.
As you read the scroll labeled GUBAYKK INIEDD, it crumbles to dust.
It is a scroll of amnesia.
You feel forgetful for a moment.
The killer bee buzzes angrily.
The killer bee stings you but does no damage. x3
The komodo dragon barely misses you. The killer bee closely misses you.
A jelly and a phantom come into view.
Okay, then.
The killer bee stings you.
* * * LOW HITPOINT WARNING * * *
You are poisoned.
The killer bee poisons you!
Blink to where?
Press: ? - help, Dir - move target cursor You are very lightly contaminated with residual magic.
As you read the scroll labeled KYH OMNOCLAMNA, it crumbles to dust.
It was a scroll of blinking.
You feel sick.
The jelly quivers.
The jelly hits you but does no damage. The jelly closely misses you.
You feel sick. The killer bee stings you.
* * * LOW HITPOINT WARNING * * *
The killer bee stings you.
* * * LOW HITPOINT WARNING * * *
You are more poisoned.
The killer bee poisons you! The killer bee barely misses you.
You furiously retaliate!
You headbutt the killer bee, but do no damage.
The jelly closely misses you. The phantom hits you!
You die... ...PPPPPPPP#

......PP.PP# ..........
#.........##.#........
###.....####.#.......
.............#......#
....................#
#...................###.
##......................
##......###...y@.......
##.....# #..yWyJ......
#......###.l.yy.......
#......................
##.................###.
#......).!........#
#......)...##.....#
#......)...##......
............# ....


You could see a komodo dragon, a phantom, a jelly and 5 killer bees.

Vanquished Creatures
  The ghost of RKaid the Cleaver, a novice MiBe of Trog (D:6)
  Sigmund (D:3)
  The ghost of SaltIsReal the Grave Robber, an amateur FoNe (D:4)
  Purgy (D:4)
  A sky beast (D:5)
  A black bear (D:5)
  An ice beast (D:6)
  An ogre (D:6)
  A centaur (D:5)
  3 scorpions
  A killer bee (D:9)
  A crimson imp (D:6)
  A bullfrog zombie (D:5)
  An orc priest (D:6)
  2 hounds (D:6)
  An orc wizard (D:5)
  Ijyb (D:3)
  Crazy Yiuf (D:2)
  Terence (D:3)
  4 worker ants
  The ghost of Nimsei the Magician, a weakling DsWz (D:3)
  4 gnolls (D:9)
  4 adders
  A howler monkey skeleton (D:6)
  3 worms
  2 dart slugs
  2 leopard geckos
  8 orcs
  2 bats
  7 giant cockroaches
  7 goblins
  8 hobgoblins
  6 jackals
  A quokka (D:3)
  7 frilled lizards
  13 kobolds
  A leopard gecko skeleton (D:5)
  6 rats
109 creatures vanquished.

Vanquished Creatures (others)
  A plant (D:9)
1 creature vanquished.

Grand Total: 110 creatures vanquished

Notes
Turn   | Place    | Note
-------+----------+-------------------------------------------
     0 | D:1      | RKaid the Minotaur Berserker began the quest for the Orb.
     0 | D:1      | Reached XP level 1. HP: 19/19 MP: 0/0
   541 | D:1      | Reached skill level 4 in Axes
   859 | D:1      | Reached XP level 2. HP: 26/26 MP: 1/1
  1507 | D:1      | Reached skill level 5 in Axes
  1655 | D:2      | Reached XP level 3. HP: 28/31 MP: 2/2
  1717 | D:2      | Reached ** piety under Trog
  1746 | D:2      | HP: 7/31 [poisoned by an adder]
  1753 | D:2      | HP: 6/31 [poisoned by an adder]
  1761 | D:2      | HP: 4/31 [poisoned by an adder]
  2314 | D:2      | Found an opulent altar of Gozag.
  2315 | D:2      | Reached XP level 4. HP: 36/39 MP: 3/3
  2318 | D:2      | Reached skill level 6 in Axes
  2456 | D:2      | Found a runed door.
  2616 | D:2      | Found a glowing silver altar of Zin.
  2786 | D:2      | Noticed Crazy Yiuf
  2790 | D:2      | Killed Crazy Yiuf
  2985 | D:3      | Noticed Terence
  2997 | D:3      | Noticed Nimsei's ghost (weakling DsWz)
  3000 | D:3      | Killed Terence
  3000 | D:3      | Reached XP level 5. HP: 31/45 MP: 4/4
  3008 | D:3      | Killed Nimsei's ghost
  3008 | D:3      | Reached skill level 7 in Axes
  3014 | D:3      | Noticed Ijyb
  3024 | D:3      | Killed Ijyb
  3538 | D:3      | Found a white marble altar of Elyvilon.
  3602 | D:3      | Found a sacrificial altar of Ru.
  3751 | D:3      | Found a snail-covered altar of Cheibriados.
  3977 | D:3      | Noticed Sigmund
  3984 | D:3      | Killed Sigmund
  3984 | D:3      | Reached skill level 8 in Axes
  3984 | D:3      | Reached XP level 6. HP: 51/51 MP: 5/5
  4052 | D:4      | Noticed SaltIsReal's ghost (amateur FoNe)
  4067 | D:4      | Killed SaltIsReal's ghost
  4067 | D:4      | Reached skill level 9 in Axes
  4345 | D:4      | Found a basalt altar of Yredelemnul.
  4352 | D:4      | Reached XP level 7. HP: 52/57 MP: 6/6
  4811 | D:4      | Noticed Purgy
  4821 | D:4      | Killed Purgy
  4821 | D:4      | Reached skill level 10 in Axes
  5004 | D:4      | Found a shattered altar of Ashenzari.
  5016 | D:4      | Found a deep blue altar of Sif Muna.
  5341 | D:5      | Entered Level 5 of the Dungeon
  5390 | D:5      | Reached skill level 11 in Axes
  5616 | D:5      | Reached XP level 8. HP: 44/64 MP: 7/7
  5622 | D:5      | Gained mutation: You are resistant to hostile enchantments. (MR+) [mutagenic meat]
  5634 | D:5      | Reached *** piety under Trog
  6096 | D:5      | Found a shattered altar of Ashenzari.
  6183 | D:5      | Noticed an air elemental
  6185 | D:5      | Found a stormy altar of Qazlal.
  6235 | D:6      | Reached skill level 12 in Axes
  6334 | D:6      | Noticed RKaid's ghost (novice MiBe)
  6343 | D:6      | Killed RKaid's ghost
  6343 | D:6      | Reached skill level 13 in Axes
  6475 | D:6      | You fall through a shaft for 3 floors!
  6482 | D:9      | Found a staircase to the Lair.
  6484 | D:9      | Noticed a komodo dragon
  6505 | D:9      | Reached XP level 9. HP: 70/70 MP: 8/8
  6514 | D:9      | HP: 14/70 [komodo dragon (9)]
  6521 | D:9      | HP: 14/70 [killer bee (8)]
  6525 | D:9      | Slain by a phantom

Skill      XL: |  1  2  3  4  5  6  7  8 |
---------------+-------------------------+-----
Axes           | 4 5 6 8 9 11 13 | 13.8
Fighting       | |  3.6
Armour         | |  2.4
Dodging        | |  2.2

Action                   |  1- 3 |  4- 6 |  7- 9 || total
-------------------------+-------+-------+-------++-------
Melee: Hand axe          |    76 |    81 |   152 ||   309
       Headbutt          |     8 |    19 |    36 ||    63
Invok: Berserk           |     1 |     2 |     6 ||     9
       Trog's Hand       |       |       |     1 ||     1
  Use: Scroll            |       |       |     2 ||     2
 Stab: Sleeping          |     2 |     4 |       ||     6
  Eat: Chunk             |     5 |     2 |    13 ||    20
       Beef jerky        |       |     1 |       ||     1
       Bread ration      |       |     1 |       ||     1
Armor: Animal skin       |     8 |     8 |    26 ||    42
       Ring mail         |       |       |    18 ||    18
Dodge: Dodged            |    44 |    40 |    79 ||   163

Vault maps used:
D:1:      minmay_arrival_radiant_lines
D:2:      old_standard_altar, zin_scriptorium, kennysheep_nondescript,
          uniq_crazy_yiuf_cottage
D:3:      lemuel_coloured_pillars_altar, nicolae_ru_path_of_blood,
          nicolae_overflow_crystal_walls, uniq_terence, uniq_sigmund, uniq_iyjb
D:4:      minitemple, yredelemnul_altar_generic, uniq_purgy
D:5:      nicolae_qazlal_style_of_elements, first_bread,
          cheibrodos_ashenzari_chains
D:9:      david_lair_shrubbed, serial_shops, kennysheep_little_box,
          nicolae_shop_behind_doors, hangedman_pestilent_swarm, uniq_erolcha

Table legend:
 A = Turns spent in this place as a percentage of turns spent in the entire game.
 B = Non-inter-level travel turns spent in this place as a percentage of non-inter-level travel turns spent in the entire game.
 C = Inter-level travel turns spent in this place as a percentage of turns spent in this place.
 D = Turns resting spent in this place as a percentage of non-inter-level travel turns spent in this place.
 E = Turns spent auto-exploring this place as a percentage of non-inter-level travel turns spent in this place.
 F = Non-inter-level travel turns spent in this place divided by the number of levels of this place that you've seen.
                   A       B       C       D       E      F
               +-------+-------+-------+-------+-------+----------------------
         Total | 100.0 | 100.0 |   0.3 |   3.3 |  10.9 | 220.4
       Dungeon | 100.0 | 100.0 |   0.3 |   3.3 |  10.9 | 220.4
               +-------+-------+-------+-------+-------+----------------------

Table legend:
 A = Kills in this place as a percentage of kills in entire the game.
 B = Kills by you in this place as a percentage of kills by you in the entire game.
 C = Kills by friends in this place as a percentage of kills by friends in the entire game.
 D = Other kills in this place as a percentage of other kills in the entire game.
 E = Experience gained in this place as a percentage of experience gained in the entire game.
 F = Experience gained in this place divided by the number of levels of this place that you have seen.
                   A       B       C       D       E      F
               +-------+-------+-------+-------+-------+----------------------
         Total | 100.0 | 100.0 |  -nan |  -nan | 100.0 | 401.6
       Dungeon | 100.0 | 100.0 |  -nan |  -nan | 100.0 | 401.6
               +-------+-------+-------+-------+-------+----------------------
